 Dungeon Crawl Stone Soup version 0.29.0-13-gc9e81de378 (webtiles) character file.

Game seed: 12196826265643498674

5 blackman the Grasshopper (level 1, -1/17 HPs)
             Began as a Demigod Warper on Sept 8, 2022.
             Slain by a goblin
             ... wielding a +0 dagger
              (3 damage)
             ... on level 1 of the Dungeon.
             The game lasted 00:01:06 (124 turns).

blackman the Grasshopper (Demigod Warper)            Turns: 124, Time: 00:01:07

Health: -1/17      AC:  3    Str: 12    XL:     1   Next: 53%
Magic:  5/5        EV: 11    Int: 15    God:
Gold:   14         SH:  0    Dex: 13    Spells: 3/3 levels left

rFire   . . .      SeeInvis .   d - +0 whip
rCold   . . .      Faith    .   (no shield)
rNeg    . . .      Spirit   .   a - +0 leather armour
rPois   .          Reflect  .   (no helmet)
rElec   .          Harm     .   (no cloak)
rCorr   .          Rampage  .   (no gloves)
Will    .....                   (no boots)
Stlth   +.........              (no amulet)
HPRegen 0.05/turn               (no ring)
MPRegen 0.09/turn               (no ring)

@: no status effects
A: high MP 1, forlorn, divine attributes
a: no special abilities


You were on level 1 of the Dungeon.
You visited 1 branch of the dungeon, and saw 1 of its levels.

You collected 14 gold pieces.

Inventory:

Hand Weapons
 d - a +0 whip (weapon)
Missiles
 c - 5 boomerangs of dispersal (quivered)
Armour
 a - a +0 leather armour (worn)
Scrolls
 b - a scroll of blinking


   Skills:
 - Level 1.7 Fighting
 - Level 0.8 Throwing
 - Level 0.8 Armour
 - Level 1.7 Dodging
 + Level 2.0 Unarmed Combat
 - Level 1.7 Spellcasting
 + Level 2.9 Translocations


You had 3 spell levels left.
You didn't know any spells.
Your spell library contained the following spells:

 Spells                   Type           Power      Damage    Failure   Level
 Blink                    Tloc           20%        N/A       13%         2
 Gell's Gravitas          Tloc           10%        N/A       26%         3
 Lesser Beckoning         Tloc           10%        N/A       26%         3
 Teleport Other           Tloc           10%        N/A       26%         3
 Manifold Assault         Tloc           10%        N/A       94%         5


Dungeon Overview and Level Annotations

Branches:
Dungeon (1/15)


Innate Abilities, Weirdness & Mutations

You have an increased reservoir of magic. (+10% MP)
You shall have no god before yourself.
Your divine heritage dramatically boosts your attributes as you level up.


Message History

The endoplasm is severely wounded.
The endoplasm closely misses you.
You hit the endoplasm.
You kill the endoplasm!
Your Unarmed Combat skill increases to level 2!
Unknown command.
Press: ? - help, v - describe, . - travel
Here: a goblin, wielding a +0 dagger of venom The floor.
Throw: 7 boomerangs (disperse)
Press: ? - help, Shift-Dir - straight line, f - goblin
Aim: a goblin, wielding a +0 dagger of venom (47% to hit)
You throw a boomerang of dispersal.
The boomerang of dispersal closely misses the goblin.
The boomerang of dispersal closely misses the goblin.
A rat comes into view.
The goblin hits you but does no damage.
You are poisoned.
You throw a boomerang of dispersal.
The boomerang of dispersal hits the goblin.
The goblin blinks!
You kill the goblin!
You feel sick. The goblin hits you with a +0 dagger.
You feel sick.
You feel sick.
You barely miss the goblin.
You feel sick. The goblin hits you with a +0 dagger.
You barely miss the goblin.
You feel sick. The goblin hits you but does no damage.
You closely miss the goblin.
You feel sick.
You are no longer poisoned.
The goblin hits you with a +0 dagger.
* * * LOW HITPOINT WARNING * * *
The goblin hits you but does no damage.
Unknown command.
The goblin attacks as you move away! The goblin misses you.
The goblin attacks as you move away! The goblin hits you with a +0 dagger.
* * * LOW HITPOINT WARNING * * *
The goblin attacks as you move away! The goblin hits you with a +0 dagger.
You die...

###.........
########.....8.....
...>............8..
######............
###..........###
#...#......###
#.###......# ###.#
######## ##@).#
###g.### ####Kg.##
##..r.###
#..#####..####
#..g.....##
.........##
....##!.... #..
.....#...


You could see 2 goblins, a kobold and a rat.

Vanquished Creatures
  2 endoplasms (D:1)
  A goblin (D:1)
  A kobold (D:1)
4 creatures vanquished.

Notes
Turn   | Place    | Note
-------+----------+-------------------------------------------
     0 | D:1      | blackman the Demigod Warper began the quest for the Orb.
     0 | D:1      | Reached XP level 1. HP: 17/17 MP: 5/5
   124 | D:1      | Slain by a goblin

Illustrated notes

Levels and vault maps discovered:
D:1:      nicolae_arrival_washed_ashore, layout_rooms,
          hellmonk_ecumenical_altar_crossroads, hangedman_decor_opposing

Skill      XL: |  1 |
---------------+----+-----
Unarmed Combat | 2 |  2.0
Fighting       | |  1.7
Throwing       | |  0.8
Armour         | |  0.8
Dodging        | |  1.7
Spellcasting   | |  1.7
Translocations | |  2.9

Action                   || total
-------------------------++-------
Melee: Unarmed           ||     7
       Whip              ||     6
Throw: Boomerang         ||     2
Armor: Leather armour    ||     4
Dodge: Dodged            ||     7
